Workbook

Sheet F&R Lunch
A1: SFA CTDS | B1: Site Name | C1: Site CTDS | D1: SFA Entity ID | E1: Site Entity ID | F1: Site CTDS | G1: Program Participation | H1: Enrollment | I1: Free and Reduce Lunch Percentage
A2: 072122000 | B2: Alice Peterson Residence | C2: 072122007 | D2: 7320 | E2: 80290 | F2: 072122007 | G2: Regular or Provision 2/3 Base Year | H2: 16 | I2: ≥ 98%
A3: 072122000 | B3: D Mitchell RES | C3: 072122002 | D3: 7320 | E3: 7322 | F3: 072122002 | G3: Regular or Provision 2/3 Base Year | H3: 22 | I3: ≥ 98%
A4: 072122000 | B4: Larry Simmons Residence | C4: 072122006 | D4: 7320 | E4: 80289 | F4: 072122006 | G4: Regular or Provision 2/3 Base Year | H4: 21 | I4: ≥ 98%
A5: 108734000 | B5: Academy Del Sol | C5: 108734001 | D5: 90199 | E5: 90200 | F5: 108734001 | G5: Regular or Provision 2/3 Base Year | H5: 188 | I5: 0.81
A6: 108734000 | B6: Academy Del Sol - Hope | C6: 108734002 | D6: 90199 | E6: 90770 | F6: 108734002 | G6: Regular or Provision 2/3 Base Year | H6: 587 | I6: 0.74
A7: 078242000 | B7: Academy of Math and Science Desert Sky | C7: 078242002 | D7: 90878 | E7: 911531 | F7: 078242002 | G7: Regular or Provision 2/3 Base Year | H7: 1333 | I7: 0.82
A8: 078242000 | B8: Academy of Math and Science Glendale | C8: 078242004 | D8: 90878 | E8: 1000119 | F8: 078242004 | G8: Regular or Provision 2/3 Base Year | H8: 1087 | I8: 0.78
A9: 078242000 | B9: Academy of Math and Science Peoria Advanced | C9: 078242003 | D9: 90878 | E9: 1000118 | F9: 078242003 | G9: Regular or Provision 2/3 Base Year | H9: 730 | I9: 0.51
A10: 078242000 | B10: Academy of Mathematics and Science South | C10: 078242001 | D10: 90878 | E10: 92197 | F10: 078242001 | G10: Provision 2 Non-Base Year | H10: 571 | I10: 0.87
A11: 108713000 | B11: Academy of Math and Science | C11: 108713101 | D11: 79961 | E11: 79094 | F11: 108713101 | G11: Regular or Provision 2/3 Base Year | H11: 607 | I11: 0.66
A12: 078270000 | B12: Academy of Math and Science Camelback | C12: 078270001 | D12: 92768 | E12: 92769 | F12: 078270001 | G12: Provision 2 Non-Base Year | H12: 1156 | I12: 0.88
A13: 072164000 | B13: ACCEL East Campus | C13: 072164005 | D13: 7355 | E13: 7360 | F13: 072164005 | G13: Regular or Provision 2/3 Base Year | H13: 75 | I13: 0.36
A14: 072164000 | B14: ACCEL Metro Campus | C14: 072164001 | D14: 7355 | E14: 7356 | F14: 072164001 | G14: Regular or Provision 2/3 Base Year | H14: 139 | I14: 0.58
A15: 078701000 | B15: ACCLAIM Academy | C15: 078701101 | D15: 4325 | E15: 5496 | F15: 078701101 | G15: Regular or Provision 2/3 Base Year | H15: 384 | I15: 0.93
A16: 138760000 | B16: Acorn Montessori Charter School | C16: 138760101 | D16: 79437 | E16: 79438 | F16: 138760101 | G16: Regular or Provision 2/3 Base Year | H16: 333 | I16: 0.69
A17: 138760000 | B17: Acorn Montessori Charter School, Inc. - West | C17: 138760102 | D17: 79437 | E17: 88180 | F17: 138760102 | G17: Regular or Provision 2/3 Base Year | H17: 202 | I17: 0.65
A18: 219101001 | B18: Adobe Mountain School | C18: 211001001 | D18: 80381 | E18: 8327 | F18: 211001001 | G18: Regular or Provision 2/3 Base Year | H18: 232 | I18: ≥ 98%
A19: 070516000 | B19: Agua Fria High School | C19: 070516201 | D19: 4289 | E19: 5454 | F19: 070516201 | G19: Regular or Provision 2/3 Base Year | H19: 1809 | I19: 0.59
A20: 070516000 | B20: Canyon View High School | C20: 070516206 | D20: 4289 | E20: 932049 | F20: 070516206 | G20: Regular or Provision 2/3 Base Year | H20: 964 | I20: 0.27
A21: 070516000 | B21: Desert Edge High School | C21: 070516203 | D21: 4289 | E21: 79799 | F21: 070516203 | G21: Regular or Provision 2/3 Base Year | H21: 1674 | I21: 0.44
A22: 070516000 | B22: Millennium High School | C22: 070516202 | D22: 4289 | E22: 78926 | F22: 070516202 | G22: Regular or Provision 2/3 Base Year | H22: 2148 | I22: 0.22
A23: 070516000 | B23: Verrado High School | C23: 070516204 | D23: 4289 | E23: 87903 | F23: 070516204 | G23: Regular or Provision 2/3 Base Year | H23: 1842 | I23: 0.2
A24: 070363000 | B24: Aguila Elementary School | C24: 070363101 | D24: 4249 | E24: 5187 | F24: 070363101 | G24: Regular or Provision 2/3 Base Year | H24: 167 | I24: 0.86
A25: 100215000 | B25: Ajo Elementary School | C25: 100215001 | D25: 4409 | E25: 5831 | F25: 100215001 | G25: Regular or Provision 2/3 Base Year | H25: 299 | I25: 0.75
A26: 100215000 | B26: Ajo High School | C26: 100215002 | D26: 4409 | E26: 6292 | F26: 100215002 | G26: Regular or Provision 2/3 Base Year | H26: 131 | I26: 0.66
A27: 070468000 | B27: Alhambra Preschool Academy | C27: 070468119 | D27: 4280 | E27: 1000261 | F27: 070468119 | G27: Regular or Provision 2/3 Base Year | H27: 245 | I27: 0.88
A28: 070468000 | B28: Alhambra Traditional School | C28: 070468101 | D28: 4280 | E28: 5381 | F28: 070468101 | G28: Regular or Provision 2/3 Base Year | H28: 798 | I28: 0.65
A29: 070468000 | B29: Barcelona Elementary School | C29: 070468104 | D29: 4280 | E29: 5384 | F29: 070468104 | G29: Regular or Provision 2/3 Base Year | H29: 1000 | I29: 0.89
A30: 070468000 | B30: Carol G. Peck Elementary School | C30: 070468105 | D30: 4280 | E30: 6030 | F30: 070468105 | G30: Regular or Provision 2/3 Base Year | H30: 713 | I30: 0.94
... A40: 070468000 | B40: Sevilla Elementary School-West Campus | C40: 070468115 | D40: 4280 | E40: 79203 | F40: 070468115 | G40: Regular or Provision 2/3 Base Year | H40: 894 | I40: 0.89
A41: 070468000 | B41: Valencia Newcomer School | C41: 070468117 | D41: 4280 | E41: 1000042 | F41: 070468117 | G41: Regular or Provision 2/3 Base Year | H41: 220 | I41: ≥ 98%
A42: 070468000 | B42: Westwood Elementary School | C42: 070468114 | D42: 4280 | E42: 5392 | F42: 070468114 | G42: Regular or Provision 2/3 Base Year | H42: 1145 | I42: 0.93
A43: 078967000 | B43: All Aboard Charter School | C43: 078967101 | D43: 79969 | E43: 79970 | F43: 078967101 | G43: Regular or Provision 2/3 Base Year | H43: 120 | I43: 0.69
A44: 100351000 | B44: Altar Valley Middle School | C44: 100351103 | D44: 4418 | E44: 5859 | F44: 100351103 | G44: Community Eligibility Provision | H44: 299 | I44: 0.76
A45: 100351000 | B45: Robles Elementary School | C45: 100351100 | D45: 4418 | E45: 84336 | F45: 100351100 | G45: Community Eligibility Provision | H45: 328 | I45: 0.94
A46: 108794000 | B46: Alta Vista High School | C46: 108794201 | D46: 80995 | E46: 80996 | F46: 108794201 | G46: Provision 2 Non-Base Year | H46: 523 | I46: 0.84
A47: 118703000 | B47: Apache Trail High School | C47: 118703001 | D47: 79883 | E47: 6346 | F47: 118703001 | G47: Community Eligibility Provision | H47: 200 | I47: 0.83
A48: 078950000 | B48: Crestview College Preparatory High School | C48: 078950001 | D48: 79874 | E48: 78813 | F48: 078950001 | G48: Community Eligibility Provision | H48: 365 | I48: 0.87
A49: 078947000 | B49: Desert Hills High School | C49: 078947001 | D49: 79872 | E49: 78901 | F49: 078947001 | G49: Regular or Provision 2/3 Base Year | H49: 285 | I49: 0.51
A50: 078948000 | B50: Estrella High School | C50: 078948001 | D50: 79873 | E50: 78900 | F50: 078948001 | G50: Regular or Provision 2/3 Base Year | H50: 256 | I50: 0.71
A51: 078951000 | B51: Peoria Accelerated High School | C51: 078951001 | D51: 79875 | E51: 78817 | F51: 078951001 | G51: Community Eligibility Provision | H51: 498 | I51: 0.76
A52: 078983000 | B52: South Pointe High School | C52: 078983201 | D52: 80989 | E52: 80990 | F52: 078983201 | G52: Provision 2 Non-Base Year | H52: 699 | I52: 0.9
A53: 078517000 | B53: South Ridge High School | C53: 078517201 | D53: 88334 | E53: 88335 | F53: 078517201 | G53: Regular or Provision 2/3 Base Year | H53: 421 | I53: 0.87
A54: 078953000 | B54: Sun Valley High School | C54: 078953001 | D54: 79877 | E54: 6347 | F54: 078953001 | G54: Provision 2 Non-Base Year | H54: 604 | I54: 0.78
A55: 078956000 | B55: West Phoenix High School | C55: 078956001 | D55: 79879 | E55: 6348 | F55: 078956001 | G55: Community Eligibility Provision | H55: 487 | I55: ≥ 98%
A56: 092001000 | B56: American Indian Christian Mission | C56: 092001101 | D56: 9655 | E56: 80313 | F56: 092001101 | G56: Community Eligibility Provision | H56: 27 | I56: 0.9
A57: 078725000 | B57: American Leadership Academy Signal Butte K-6 | C57: 078725010 | D57: 4348 | E57: 242454 | F57: 078725010 | G57: Regular or Provision 2/3 Base Year | H57: 373 | I57: 0.35
A58: 078725000 | B58: American Leadership Academy, Anthem K-6 | C58: 078725006 | D58: 4348 | E58: 92348 | F58: 078725006 | G58: Regular or Provision 2/3 Base Year | H58: 497 | I58: 0.51
A59: 078725000 | B59: American Leadership Academy, Ironwood K12 | C59: 078725007 | D59: 4348 | E59: 92885 | F59: 078725007 | G59: Regular or Provision 2/3 Base Year | H59: 862 | I59: 0.39
A60: 078725000 | B60: American Leadership Academy, San Tan Valley K-6 | C60: 078725003 | D60: 4348 | E60: 91173 | F60: 078725003 | G60: Regular or Provision 2/3 Base Year | H60: 729 | I60: 0.41
A61: 100210000 | B61: Amphitheater High School | C61: 100210281 | D61: 4406 | E61: 6055 | F61: 100210281 | G61: Community Eligibility Provision | H61: 1249 | I61: 0.85
A62: 100210000 | B62: Amphitheater Middle School | C62: 100210166 | D62: 4406 | E62: 5805 | F62: 100210166 | G62: Community Eligibility Provision | H62: 770 | I62: ≥ 98%
A63: 100210000 | B63: Canyon Del Oro High School | C63: 100210282 | D63: 4406 | E63: 5808 | F63: 100210282 | G63: Regular or Provision 2/3 Base Year | H63: 1581 | I63: 0.24
A64: 100210000 | B64: Copper Creek Elementary School | C64: 100210118 | D64: 4406 | E64: 5802 | F64: 100210118 | G64: Regular or Provision 2/3 Base Year | H64: 388 | I64: 0.24
A65: 100210000 | B65: Coronado K-8 School | C65: 100210115 | D65: 4406 | E65: 5799 | F65: 100210115 | G65: Regular or Provision 2/3 Base Year | H65: 792 | I65: 0.41
A66: 100210000 | B66: E C Nash School | C66: 100210110 | D66: 4406 | E66: 5796 | F66: 100210110 | G66: Community Eligibility Provision | H66: 370 | I66: ≥ 98%
A67: 100210000 | B67: Frances Owen Holaway Elementary School | C67: 100210108 | D67: 4406 | E67: 5794 | F67: 100210108 | G67: Community Eligibility Provision | H67: 384 | I67: ≥ 98%
A68: 100210000 | B68: Helen Keeling Elementary School | C68: 100210109 | D68: 4406 | E68: 5795 | F68: 100210109 | G68: Community Eligibility Provision | H68: 390 | I68: ≥ 98%
A69: 100210000 | B69: Ironwood Ridge High School | C69: 100210280 | D69: 4406 | E69: 79378 | F69: 100210280 | G69: Regular or Provision 2/3 Base Year | H69: 1709 | I69: 0.15
A70: 100210000 | B70: L M Prince School | C70: 100210111 | D70: 4406 | E70: 5797 | F70: 100210111 | G70: Community Eligibility Provision | H70: 528 | I70: ≥ 98%
A71: 100210000 | B71: La Cima Middle School | C71: 100210165 | D71: 4406 | E71: 5804 | F71: 100210165 | G71: Regular or Provision 2/3 Base Year | H71: 467 | I71: 0.79
A72: 100210000 | B72: Lawrence W Cross Middle School | C72: 100210167 | D72: 4406 | E72: 5806 | F72: 100210167 | G72: Regular or Provision 2/3 Base Year | H72: 790 | I72: 0.32
A73: 100210000 | B73: Lulu Walker School | C73: 100210112 | D73: 4406 | E73: 5798 | F73: 100210112 | G73: Regular or Provision 2/3 Base Year | H73: 465 | I73: 0.58
A74: 100210000 | B74: Marion Donaldson Elementary School | C74: 100210106 | D74: 4406 | E74: 5792 | F74: 100210106 | G74: Regular or Provision 2/3 Base Year | H74: 328 | I74: 0.53
A75: 100210000 | B75: Mesa Verde Elementary School | C75: 100210116 | D75: 4406 | E75: 5800 | F75: 100210116 | G75: Regular or Provision 2/3 Base Year | H75: 376 | I75: 0.41
A76: 100210000 | B76: Painted Sky Elementary School | C76: 100210114 | D76: 4406 | E76: 79282 | F76: 100210114 | G76: Regular or Provision 2/3 Base Year | H76: 427 | I76: 0.13
A77: 100210000 | B77: Richard B Wilson Jr School | C77: 100210168 | D77: 4406 | E77: 5807 | F77: 100210168 | G77: Regular or Provision 2/3 Base Year | H77: 1014 | I77: 0.18
A78: 100210000 | B78: Rillito Center | C78: 100210125 | D78: 4406 | E78: 5803 | F78: 100210125 | G78: Community Eligibility Provision | H78: 85 | I78: 0.41
A79: 100210000 | B79: Rio Vista Elementary School | C79: 100210117 | D79: 4406 | E79: 5801 | F79: 100210117 | G79: Community Eligibility Provision | H79: 404 | I79: 0.93
A80: 100210000 | B80: The Innovation Academy | C80: 100210119 | D80: 4406 | E80: 12976 | F80: 100210119 | G80: Regular or Provision 2/3 Base Year | H80: 468 | I80: 0.14
A81: 100210000 | B81: Winifred Harelson Elementary School | C81: 100210107 | D81: 4406 | E81: 5793 | F81: 100210107 | G81: Regular or Provision 2/3 Base Year | H81: 513 | I81: 0.17
A82: 140550000 | B82: Antelope Union High School | C82: 140550201 | D82: 4506 | E82: 6188 | F82: 140550201 | G82: Provision 2 Non-Base Year | H82: 210 | I82: 0.81
... A87: 110243000 | B87: Peralta Trail Elementary School | C87: 110243105 | D87: 4443 | E87: 79631 | F87: 110243105 | G87: Regular or Provision 2/3 Base Year | H87: 431 | I87: 0.65
A88: 108785000 | B88: Southside Community School | C88: 108785001 | D88: 79426 | E88: 79432 | F88: 108785001 | G88: Community Eligibility Provision | H88: 271 | I88: ≥ 98%
A89: 108709000 | B89: La Paloma Academy | C89: 108709101 | D89: 79947 | E89: 79950 | F89: 108709101 | G89: Regular or Provision 2/3 Base Year | H89: 759 | I89: 0.67
A90: 108709000 | B90: La Paloma Academy (Lakeside) | C90: 108709103 | D90: 79947 | E90: 81187 | F90: 108709103 | G90: Regular or Provision 2/3 Base Year | H90: 879 | I90: 0.61
A91: 108709000 | B91: La Paloma Academy-South | C91: 108709104 | D91: 79947 | E91: 91805 | F91: 108709104 | G91: Regular or Provision 2/3 Base Year | H91: 442 | I91: 0.82
A92: 072006000 | B92: Arizona Cultural Academy | C92: 072006001 | D92: 79812 | E92: 79813 | F92: 072006001 | G92: Regular or Provision 2/3 Base Year | H92: 292 | I92: 0.37
A93: 078991000 | B93: AMCS at Anthem dba Caurus Academy | C93: 078991101 | D93: 85749 | E93: 85750 | F93: 078991101 | G93: Regular or Provision 2/3 Base Year | H93: 672 | I93: 0.11
A94: 001202000 | B94: ASDB/Child Nutrition Program | C94: 001202058 | D94: 6393 | E94: 80462 | F94: 001202058 | G94: Regular or Provision 2/3 Base Year | H94: 147 | I94: 0.72
A95: 001202000 | B95: PHX DAY SCH/MD | C95: 001202041 | D95: 6393 | E95: 6396 | F95: 001202041 | G95: Regular or Provision 2/3 Base Year | H95: 304 | I95: 0.74
A96: 070447000 | B96: Arlington Elementary School | C96: 070447101 | D96: 4274 | E96: 5354 | F96: 070447101 | G96: Regular or Provision 2/3 Base Year | H96: 261 | I96: 0.74
A97: 020453000 | B97: Ash Creek Elementary | C97: 020453101 | D97: 4187 | E97: 4797 | F97: 020453101 | G97: Community Eligibility Provision | H97: 21 | I97: ≥ 98%
A98: 130231000 | B98: Ash Fork Elementary School | C98: 130231101 | D98: 4471 | E98: 6101 | F98: 130231101 | G98: Provision 2 Non-Base Year | H98: 118 | I98: 0.8
A99: 130231000 | B99: Ash Fork High School | C99: 130231202 | D99: 4471 | E99: 6103 | F99: 130231202 | G99: Provision 2 Non-Base Year | H99: 80 | I99: 0.75
A100: 130231000 | B100: Ash Fork Middle School | C100: 130231102 | D100: 4471 | E100: 6102 | F100: 130231102 | G100: Provision 2 Non-Base Year | H100: 70 | I100: 0.77
A101: 219102200 | B101: Life Learning Academy | C101: 211002201 | D101: 80380 | E101: 92289 | F101: 211002201 | G101: Regular or Provision 2/3 Base Year | H101: 57 | I101: ≥ 98%
A102: 078546000 | B102: ASU Preparatory Academy - Phoenix Middle School | C102: 078250001 | D102: 89949 | E102: 92326 | F102: 078250001 | G102: Regular or Provision 2/3 Base Year | H102: 462 | I102: 0.6
A103: 078546000 | B103: ASU Preparatory Academy - South Phoenix High School | C103: 078277001 | D103: 89949 | E103: 92248 | F103: 078277001 | G103: Regular or Provision 2/3 Base Year | H103: 214 | I103: 0.79
A104: 078546000 | B104: ASU Preparatory Academy - South Phoenix Intermediate | C104: 078559001 | D104: 89949 | E104: 90274 | F104: 078559001 | G104: Regular or Provision 2/3 Base Year | H104: 143 | I104: 0.96
A105: 078546000 | B105: ASU Preparatory Academy - South Phoenix Primary | C105: 078267001 | D105: 89949 | E105: 70692 | F105: 078267001 | G105: Regular or Provision 2/3 Base Year | H105: 108 | I105: 0.88
A106: 078546000 | B106: ASU Preparatory Academy- Phoenix Elementary | C106: 078546102 | D106: 89949 | E106: 90271 | F106: 078546102 | G106: Regular or Provision 2/3 Base Year | H106: 481 | I106: 0.63
A107: 078546000 | B107: ASU Preparatory Academy- Phoenix High School | C107: 078207001 | D107: 89949 | E107: 91304 | F107: 078207001 | G107: Regular or Provision 2/3 Base Year | H107: 356 | I107: 0.53
A108: 070444000 | B108: Avondale Middle School | C108: 070444112 | D108: 4272 | E108: 91985 | F108: 070444112 | G108: Regular or Provision 2/3 Base Year | H108: 423 | I108: 0.87
A109: 070444000 | B109: Centerra Mirage STEM Academy | C109: 070444111 | D109: 4272 | E109: 87619 | F109: 070444111 | G109: Regular or Provision 2/3 Base Year | H109: 599 | I109: 0.66
A110: 070444000 | B110: Copper Trails | C110: 070444110 | D110: 4272 | E110: 90028 | F110: 070444110 | G110: Regular or Provision 2/3 Base Year | H110: 1085 | I110: 0.48
A111: 070444000 | B111: Desert Star | C111: 070444107 | D111: 4272 | E111: 79670 | F111: 070444107 | G111: Regular or Provision 2/3 Base Year | H111: 711 | I111: 0.6
A112: 070444000 | B112: Desert Thunder | C112: 070444108 | D112: 4272 | E112: 79792 | F112: 070444108 | G112: Regular or Provision 2/3 Base Year | H112: 891 | I112: 0.53
A113: 070444000 | B113: Eliseo C. Felix School | C113: 070444103 | D113: 4272 | E113: 5348 | F113: 070444103 | G113: Regular or Provision 2/3 Base Year | H113: 506 | I113: 0.87
...

Sheet Enrollment
A1: Fiscal Year | B1: LEA Name | C1: LEA Entity ID | D1: School Name | E1: School Entity ID | F1: PS | G1: KG | H1: 1 | I1: 2 | J1: 3 | K1: 4 | L1: 5 | M1: 6 | N1: 7 | O1: 8 | P1: 9 | Q1: 10 | R1: 11 | S1: 12 | T1: Total
A2: 2020 | B2: A Center for Creative Education | C2: 79457 | D2: Verde Valley Montessori School - A Center for Creative Education | E2: 79458 | F2: * | G2: 14 | H2: * | I2: * | J2: * | K2: * | L2: * | M2: * | N2: * | O2: * | P2: * | Q2: * | R2: * | S2: * | T2: 67
A3: 2020 | B3: Academy Del Sol, Inc. | C3: 90199 | D3: Academy Del Sol | E3: 90200 | F3: * | G3: 44 | H3: 24 | I3: 17 | J3: 20 | K3: 15 | L3: 12 | M3: 21 | N3: 20 | O3: 12 | P3: * | Q3: * | R3: * | S3: * | T3: 185
A4: 2020 | B4: Academy Del Sol, Inc. | C4: 90199 | D4: Academy Del Sol - Hope | E4: 90770 | F4: * | G4: 69 | H4: 72 | I4: 65 | J4: 69 | K4: 71 | L4: 65 | M4: 71 | N4: 53 | O4: 44 | P4: * | Q4: * | R4: * | S4: * | T4: 579
A5: 2020 | B5: Academy of Building Industries, Inc. | C5: 85540 | D5: Academy of Building Industries | E5: 85541 | F5: * | G5: * | H5: * | I5: * | J5: * | K5: * | L5: * | M5: * | N5: * | O5: * | P5: * | Q5: 22 | R5: 35 | S5: 47 | T5: 110
A6: 2020 | B6: Academy of Mathematics and Science South, Inc. | C6: 90878 | D6: Academy of Math and Science Desert Sky | E6: 911531 | F6: * | G6: 122 | H6: 167 | I6: 135 | J6: 134 | K6: 166 | L6: 168 | M6: 188 | N6: 164 | O6: 68 | P6: * | Q6: * | R6: * | S6: * | T6: 1312
A7: 2020 | B7: Academy of Mathematics and Science South, Inc. | C7: 90878 | D7: Academy of Mathematics and Science South | E7: 92197 | F7: * | G7: 52 | H7: 68 | I7: 67 | J7: 73 | K7: 61 | L7: 61 | M7: 59 | N7: 63 | O7: 59 | P7: * | Q7: * | R7: * | S7: * | T7: 563
A8: 2020 | B8: Academy of Mathematics and Science, Inc. | C8: 79961 | D8: Academy of Math and Science | E8: 79094 | F8: * | G8: 49 | H8: 93 | I8: 98 | J8: 73 | K8: 70 | L8: 67 | M8: 53 | N8: 55 | O8: 42 | P8: * | Q8: * | R8: * | S8: * | T8: 600
A9: 2020 | B9: Academy of Mathematics and Science, Inc. | C9: 92768 | D9: Academy of Math and Science Camelback | E9: 92769 | F9: * | G9: 91 | H9: 164 | I9: 123 | J9: 151 | K9: 127 | L9: 124 | M9: 121 | N9: 124 | O9: 126 | P9: * | Q9: * | R9: * | S9: * | T9: 1151
A10: 2020 | B10: Academy of Tucson, Inc. | C10: 78897 | D10: Academy of Tucson Elementary School | E10: 81130 | F10: * | G10: 32 | H10: 34 | I10: 43 | J10: 39 | K10: 44 | L10: * | M10: * | N10: * | O10: * | P10: * | Q10: * | R10: * | S10: * | T10: 192
A11: 2020 | B11: Academy of Tucson, Inc. | C11: 78897 | D11: Academy of Tucson High School | E11: 78898 | F11: * | G11: * | H11: * | I11: * | J11: * | K11: * | L11: * | M11: * | N11: * | O11: * | P11: 50 | Q11: 49 | R11: 27 | S11: 29 | T11: 155
A12: 2020 | B12: Academy of Tucson, Inc. | C12: 78897 | D12: Academy of Tucson Middle School | E12: 79986 | F12: * | G12: * | H12: * | I12: * | J12: * | K12: * | L12: 38 | M12: 71 | N12: 69 | O12: 71 | P12: * | Q12: * | R12: * | S12: * | T12: 249
A13: 2020 | B13: Academy with Community Partners Inc | C13: 79213 | D13: Academy with Community Partners | E13: 10795 | F13: * | G13: * | H13: * | I13: * | J13: * | K13: * | L13: * | M13: * | N13: * | O13: * | P13: * | Q13: 18 | R13: 27 | S13: 81 | T13: 132
A14: 2020 | B14: ACCEL | C14: 7355 | D14: ACCEL Buckeye Learning Center | E14: 91260 | F14: * | G14: * | H14: * | I14: * | J14: * | K14: * | L14: * | M14: * | N14: * | O14: * | P14: * | Q14: * | R14: * | S14: * | T14: 15
A15: 2020 | B15: ACCEL | C15: 7355 | D15: ACCEL East Campus | E15: 7360 | F15: * | G15: * | H15: * | I15: * | J15: * | K15: * | L15: * | M15: * | N15: * | O15: * | P15: * | Q15: * | R15: * | S15: 19 | T15: 62
A16: 2020 | B16: ACCEL | C16: 7355 | D16: ACCEL Metro Campus | E16: 7356 | F16: * | G16: * | H16: * | I16: * | J16: * | K16: * | L16: * | M16: 12 | N16: 13 | O16: * | P16: 12 | Q16: * | R16: 17 | S16: 31 | T16: 112
A17: 2020 | B17: ACCEL | C17: 7355 | D17: ACCEL Ruth Fisher Campus | E17: 1000307 | F17: * | G17: * | H17: * | I17: * | J17: * | K17: * | L17: * | M17: * | N17: * | O17: * | P17: * | Q17: * | R17: * | S17: * | T17: *
A18: 2020 | B18: Accelerated Elementary and Secondary Schools | C18: 6364 | D18: Accelerated Learning Laboratory | E18: 5891 | F18: * | G18: 12 | H18: 16 | I18: 15 | J18: 14 | K18: * | L18: 14 | M18: 21 | N18: 12 | O18: 14 | P18: 15 | Q18: 11 | R18: 14 | S18: * | T18: 173
A19: 2020 | B19: Accelerated Learning Center, Inc. | C19: 4297 | D19: Accelerated Learning Center | E19: 5462 | F19: * | G19: * | H19: * | I19: * | J19: * | K19: * | L19: * | M19: * | N19: * | O19: * | P19: * | Q19: 21 | R19: 50 | S19: 87 | T19: 168
A20: 2020 | B20: Acclaim Charter School | C20: 4325 | D20: ACCLAIM Academy | E20: 5496 | F20: * | G20: 45 | H20: 35 | I20: 31 | J20: 33 | K20: 31 | L20: 53 | M20: 41 | N20: 50 | O20: 47 | P20: * | Q20: * | R20: * | S20: * | T20: 366
A21: 2020 | B21: Acorn Montessori Charter School | C21: 79437 | D21: Acorn Montessori Charter School | E21: 79438 | F21: * | G21: * | H21: * | I21: * | J21: 62 | K21: 49 | L21: 55 | M21: 55 | N21: 49 | O21: 49 | P21: * | Q21: * | R21: * | S21: * | T21: 319
A22: 2020 | B22: Acorn Montessori Charter School | C22: 79437 | D22: Acorn Montessori Charter School, Inc. - West | E22: 88180 | F22: * | G22: 59 | H22: 65 | I22: 60 | J22: * | K22: * | L22: * | M22: * | N22: * | O22: * | P22: * | Q22: * | R22: * | S22: * | T22: 184
A23: 2020 | B23: Agua Fria Union High School District | C23: 4289 | D23: Agua Fria High School | E23: 5454 | F23: * | G23: * | H23: * | I23: * | J23: * | K23: * | L23: * | M23: * | N23: * | O23: * | P23: 433 | Q23: 458 | R23: 493 | S23: 434 | T23: 1818
A24: 2020 | B24: Agua Fria Union High School District | C24: 4289 | D24: Canyon View High School | E24: 932049 | F24: * | G24: * | H24: * | I24: * | J24: * | K24: * | L24: * | M24: * | N24: * | O24: * | P24: 503 | Q24: 450 | R24: * | S24: * | T24: 960
A25: 2020 | B25: Agua Fria Union High School District | C25: 4289 | D25: Desert Edge High School | E25: 79799 | F25: * | G25: * | H25: * | I25: * | J25: * | K25: * | L25: * | M25: * | N25: * | O25: * | P25: 435 | Q25: 423 | R25: 442 | S25: 354 | T25: 1654
A26: 2020 | B26: Agua Fria Union High School District | C26: 4289 | D26: Millennium High School | E26: 78926 | F26: * | G26: * | H26: * | I26: * | J26: * | K26: * | L26: * | M26: * | N26: * | O26: * | P26: 477 | Q26: 436 | R26: 581 | S26: 616 | T26: 2110
A27: 2020 | B27: Agua Fria Union High School District | C27: 4289 | D27: Verrado High School | E27: 87903 | F27: * | G27: * | H27: * | I27: * | J27: * | K27: * | L27: * | M27: * | N27: * | O27: * | P27: 395 | Q27: 401 | R27: 518 | S27: 482 | T27: 1796
A28: 2020 | B28: Aguila Elementary District | C28: 4249 | D28: Aguila Elementary School | E28: 5187 | F28: * | G28: 13 | H28: 19 | I28: 14 | J28: * | K28: 14 | L28: 21 | M28: 14 | N28: 21 | O28: 19 | P28: * | Q28: * | R28: * | S28: * | T28: 145
A29: 2020 | B29: AIBT Non-Profit Charter High School - Phoenix | C29: 79053 | D29: RCB Medical Arts Academy | E29: 79123 | F29: * | G29: * | H29: * | I29: * | J29: * | K29: * | L29: * | M29: * | N29: * | O29: * | P29: * | Q29: 15 | R29: 26 | S29: 57 | T29: 103
A30: 2020 | B30: AIBT Non-Profit Charter High School, Inc. | C30: 449790 | D30: RCB College Preparatory Academy | E30: 742847 | F30: * | G30: * | H30: * | I30: * | J30: * | K30: * | L30: * | M30: * | N30: * | O30: * | P30: * | Q30: * | R30: * | S30: * | T30: 7
A31: 2020 | B31: Ajo Unified District | C31: 4409 | D31: Ajo Elementary School | E31: 5831 | F31: 11 | G31: 23 | H31: 26 | I31: 29 | J31: 24 | K31: 43 | L31: 36 | M31: 39 | N31: 42 | O31: 32 | P31: * | Q31: * | R31: * | S31: * | T31: 305
A32: 2020 | B32: Ajo Unified District | C32: 4409 | D32: Ajo High School | E32: 6292 | F32: * | G32: * | H32: * | I32: * | J32: * | K32: * | L32: * | M32: * | N32: * | O32: * | P32: 36 | Q32: 35 | R32: 29 | S32: 35 | T32: 135
A33: 2020 | B33: Akimel O Otham Pee Posh Charter School, Inc. | C33: 5978 | D33: Akimel O'Otham Pee Posh (K-2) | E33: 10797 | F33: * | G33: * | H33: * | I33: * | J33: * | K33: * | L33: * | M33: * | N33: * | O33: * | P33: * | Q33: * | R33: * | S33: * | T33: 11
A34: 2020 | B34: Akimel O'Otham Pee Posh Charter School, Inc. | C34: 78966 | D34: Akimel O'Otham Pee Posh (3-5) | E34: 78967 | F34: * | G34: * | H34: * | I34: * | J34: * | K34: * | L34: * | M34: * | N34: * | O34: * | P34: * | Q34: * | R34: * | S34: * | T34: *
A35: 2020 | B35: Alhambra Elementary District | C35: 4280 | D35: Alhambra Preschool Academy | E35: 1000261 | F35: 131 | G35: * | H35: * | I35: * | J35: * | K35: * | L35: * | M35: * | N35: * | O35: * | P35: * | Q35: * | R35: * | S35: * | T35: 131
A36: 2020 | B36: Alhambra Elementary District | C36: 4280 | D36: Alhambra Traditional School | E36: 5381 | F36: * | G36: 98 | H36: 90 | I36: 93 | J36: 84 | K36: 88 | L36: 84 | M36: 92 | N36: 87 | O36: 74 | P36: * | Q36: * | R36: * | S36: * | T36: 790
A37: 2020 | B37: Alhambra Elementary District | C37: 4280 | D37: Barcelona Elementary School | E37: 5384 | F37: * | G37: 78 | H37: 111 | I37: 99 | J37: 91 | K37: 107 | L37: 103 | M37: 117 | N37: 129 | O37: 138 | P37: * | Q37: * | R37: * | S37: * | T37: 973
A38: 2020 | B38: Alhambra Elementary District | C38: 4280 | D38: Carol G. Peck Elementary School | E38: 6030 | F38: * | G38: 79 | H38: 69 | I38: 86 | J38: 78 | K38: 72 | L38: 85 | M38: 62 | N38: 86 | O38: 74 | P38: * | Q38: * | R38: * | S38: * | T38: 691
A39: 2020 | B39: Alhambra Elementary District | C39: 4280 | D39: Catalina Ventura School | E39: 5385 | F39: * | G39: 101 | H39: 87 | I39: 106 | J39: 106 | K39: 116 | L39: 122 | M39: 146 | N39: 138 | O39: 145 | P39: * | Q39: * | R39: * | S39: * | T39: 1067
A40: 2020 | B40: Alhambra Elementary District | C40: 4280 | D40: Cordova Elementary School | E40: 5386 | F40: * | G40: 93 | H40: 78 | I40: 84 | J40: 92 | K40: 96 | L40: 131 | M40: 124 | N40: 128 | O40: 122 | P40: * | Q40: * | R40: * | S40: * | T40: 948
A41: 2020 | B41: Alhambra Elementary District | C41: 4280 | D41: Global Academy of Phoenix | E41: 1000259 | F41: * | G41: 33 | H41: 14 | I41: 12 | J41: 13 | K41: 15 | L41: 18 | M41: * | N41: 21 | O41: 18 | P41: * | Q41: * | R41: * | S41: * | T41: 153
A42: 2020 | B42: Alhambra Elementary District | C42: 4280 | D42: Granada Elementary School-East Campus | E42: 5387 | F42: * | G42: * | H42: * | I42: * | J42: * | K42: * | L42: 230 | M42: 235 | N42: 223 | O42: 287 | P42: * | Q42: * | R42: * | S42: * | T42: 975
A43: 2020 | B43: Alhambra Elementary District | C43: 4280 | D43: Granada Elementary School-West Campus | E43: 5388 | F43: * | G43: 193 | H43: 198 | I43: 220 | J43: 232 | K43: 224 | L43: * | M43: * | N43: * | O43: * | P43: * | Q43: * | R43: * | S43: * | T43: 1067
A44: 2020 | B44: Alhambra Elementary District | C44: 4280 | D44: James W. Rice Elementary School | E44: 5383 | F44: * | G44: 92 | H44: 100 | I44: 102 | J44: 87 | K44: 111 | L44: 95 | M44: 120 | N44: 107 | O44: 113 | P44: * | Q44: * | R44: * | S44: * | T44: 927
A45: 2020 | B45: Alhambra Elementary District | C45: 4280 | D45: Madrid Neighborhood School | E45: 1000041 | F45: * | G45: 86 | H45: 66 | I45: 47 | J45: 68 | K45: 64 | L45: 68 | M45: 72 | N45: 86 | O45: 72 | P45: * | Q45: * | R45: * | S45: * | T45: 629
A46: 2020 | B46: Alhambra Elementary District | C46: 4280 | D46: R E Simpson School | E46: 5391 | F46: * | G46: * | H46: * | I46: * | J46: * | K46: * | L46: * | M46: 172 | N46: 170 | O46: 150 | P46: * | Q46: * | R46: * | S46: * | T46: 492
A47: 2020 | B47: Alhambra Elementary District | C47: 4280 | D47: Sevilla Elementary School-East Campus | E47: 5390 | F47: * | G47: 171 | H47: 188 | I47: 168 | J47: 181 | K47: 189 | L47: * | M47: * | N47: * | O47: * | P47: * | Q47: * | R47: * | S47: * | T47: 897
A48: 2020 | B48: Alhambra Elementary District | C48: 4280 | D48: Sevilla Elementary School-West Campus | E48: 79203 | F48: * | G48: * | H48: * | I48: * | J48: * | K48: * | L48: 206 | M48: 233 | N48: 229 | O48: 204 | P48: * | Q48: * | R48: * | S48: * | T48: 872
A49: 2020 | B49: Alhambra Elementary District | C49: 4280 | D49: Valencia Newcomer School | E49: 1000042 | F49: * | G49: 20 | H49: 27 | I49: 16 | J49: 23 | K49: 21 | L49: 24 | M49: 24 | N49: 21 | O49: 33 | P49: * | Q49: * | R49: * | S49: * | T49: 209
A50: 2020 | B50: Alhambra Elementary District | C50: 4280 | D50: Westwood Elementary School | E50: 5392 | F50: * | G50: 154 | H50: 150 | I50: 175 | J50: 168 | K50: 183 | L50: 179 | M50: * | N50: * | O50: * | P50: * | Q50: * | R50: * | S50: * | T50: 1009
A51: 2020 | B51: All Aboard Charter School | C51: 79969 | D51: All Aboard Charter School | E51: 79970 | F51: * | G51: 23 | H51: 22 | I51: 21 | J51: 16 | K51: 13 | L51: 17 | M51: * | N51: * | O51: * | P51: * | Q51: * | R51: * | S51: * | T51: 112
A52: 2020 | B52: Allen-Cochran Enterprises, Inc. | C52: 4347 | D52: Center for Educational Excellence | E52: 5521 | F52: * | G52: 33 | H52: 45 | I52: 41 | J52: 42 | K52: 47 | L52: 46 | M52: 28 | N52: 31 | O52: 22 | P52: * | Q52: * | R52: * | S52: * | T52: 335
A53: 2020 | B53: Alpine Elementary District | C53: 4161 | D53: Alpine Elementary School | E53: 4743 | F53: * | G53: * | H53: * | I53: * | J53: * | K53: * | L53: * | M53: 11 | N53: * | O53: * | P53: * | Q53: * | R53: * | S53: * | T53: 64
A54: 2020 | B54: Altar Valley Elementary District | C54: 4418 | D54: Altar Valley Middle School | E54: 5859 | F54: * | G54: * | H54: * | I54: * | J54: * | K54: * | L54: 67 | M54: 79 | N54: 70 | O54: 83 | P54: * | Q54: * | R54: * | S54: * | T54: 299
A55: 2020 | B55: Altar Valley Elementary District | C55: 4418 | D55: Robles Elementary School | E55: 84336 | F55: 36 | G55: 51 | H55: 59 | I55: 56 | J55: 49 | K55: 60 | L55: * | M55: * | N55: * | O55: * | P55: * | Q55: * | R55: * | S55: * | T55: 311
A56: 2020 | B56: American Basic Schools LLC | C56: 79215 | D56: Burke Basic School | E56: 78788 | F56: * | G56: 140 | H56: 123 | I56: 114 | J56: 111 | K56: 121 | L56: 95 | M56: 120 | N56: * | O56: * | P56: * | Q56: * | R56: * | S56: * | T56: 824
A57: 2020 | B57: American Charter Schools Foundation d.b.a. Alta Vista High School | C57: 80995 | D57: Alta Vista High School | E57: 80996 | F57: * | G57: * | H57: * | I57: * | J57: * | K57: * | L57: * | M57: * | N57: * | O57: * | P57: 103 | Q57: 122 | R57: 127 | S57: 145 | T57: 497
A58: 2020 | B58: American Charter Schools Foundation d.b.a. Apache Trail High School | C58: 79883 | D58: Apache Trail High School | E58: 6346 | F58: * | G58: * | H58: * | I58: * | J58: * | K58: * | L58: * | M58: * | N58: * | O58: * | P58: 14 | Q58: 25 | R58: 47 | S58: 73 | T58: 159
A59: 2020 | B59: American Charter Schools Foundation d.b.a. Crestview College Preparatory High Sc | C59: 79874 | D59: Crestview College Preparatory High School | E59: 78813 | F59: * | G59: * | H59: * | I59: * | J59: * | K59: * | L59: * | M59: * | N59: * | O59: * | P59: 36 | Q59: 38 | R59: 71 | S59: 109 | T59: 270
A60: 2020 | B60: American Charter Schools Foundation d.b.a. Desert Hills High School | C60: 79872 | D60: Desert Hills High School | E60: 78901 | F60: * | G60: * | H60: * | I60: * | J60: * | K60: * | L60: * | M60: * | N60: * | O60: * | P60: 30 | Q60: 51 | R60: 80 | S60: 105 | T60: 266
A61: 2020 | B61: American Charter Schools Foundation d.b.a. Estrella High School | C61: 79873 | D61: Estrella High School | E61: 78900 | F61: * | G61: * | H61: * | I61: * | J61: * | K61: * | L61: * | M61: * | N61: * | O61: * | P61: 11 | Q61: 34 | R61: 57 | S61: 125 | T61: 227
A62: 2020 | B62: American Charter Schools Foundation d.b.a. Peoria Accelerated High School | C62: 79875 | D62: Peoria Accelerated High School | E62: 78817 | F62: * | G62: * | H62: * | I62: * | J62: * | K62: * | L62: * | M62: * | N62: * | O62: * | P62: 25 | Q62: 81 | R62: 99 | S62: 253 | T62: 458
A63: 2020 | B63: American Charter Schools Foundation d.b.a. South Pointe High School | C63: 80989 | D63: South Pointe High School | E63: 80990 | F63: * | G63: * | H63: * | I63: * | J63: * | K63: * | L63: * | M63: * | N63: * | O63: * | P63: 98 | Q63: 123 | R63: 165 | S63: 192 | T63: 578
A64: 2020 | B64: American Charter Schools Foundation d.b.a. South Ridge High School | C64: 88334 | D64: South Ridge High School | E64: 88335 | F64: * | G64: * | H64: * | I64: * | J64: * | K64: * | L64: * | M64: * | N64: * | O64: * | P64: 126 | Q64: 107 | R64: 95 | S64: 93 | T64: 421
A65: 2020 | B65: American Charter Schools Foundation d.b.a. Sun Valley High School | C65: 79877 | D65: Sun Valley High School | E65: 6347 | F65: * | G65: * | H65: * | I65: * | J65: * | K65: * | L65: * | M65: * | N65: * | O65: * | P65: 23 | Q65: 60 | R65: 94 | S65: 264 | T65: 441
A66: 2020 | B66: American Charter Schools Foundation d.b.a. West Phoenix High School | C66: 79879 | D66: West Phoenix High School | E66: 6348 | F66: * | G66: * | H66: * | I66: * | J66: * | K66: * | L66: * | M66: * | N66: * | O66: * | P66: 86 | Q66: 85 | R66: 112 | S66: 154 | T66: 437
A67: 2020 | B67: American Leadership Academy, Inc. | C67: 4348 | D67: American Leadership Academy Signal Butte K-6 | E67: 242454 | F67: * | G67: 81 | H67: 59 | I67: 44 | J67: 55 | K67: 44 | L67: 33 | M67: 43 | N67: * | O67: * | P67: * | Q67: * | R67: * | S67: * | T67: 359
A68: 2020 | B68: American Leadership Academy, Inc. | C68: 4348 | D68: American Leadership Academy, Anthem K-6 | E68: 92348 | F68: * | G68: 82 | H68: 87 | I68: 76 | J68: 71 | K68: 55 | L68: 69 | M68: 50 | N68: * | O68: * | P68: * | Q68: * | R68: * | S68: * | T68: 490
A69: 2020 | B69: American Leadership Academy, Inc. | C69: 4348 | D69: American Leadership Academy, Gilbert K-6 | E69: 5522 | F69: * | G69: 122 | H69: 99 | I69: 88 | J69: 81 | K69: 74 | L69: 66 | M69: 59 | N69: * | O69: * | P69: * | Q69: * | R69: * | S69: * | T69: 589
A70: 2020 | B70: American Leadership Academy, Inc. | C70: 4348 | D70: American Leadership Academy, Gilbert North K-12 | E70: 509281 | F70: * | G70: 101 | H70: 112 | I70: 114 | J70: 107 | K70: 119 | L70: 124 | M70: 150 | N70: 288 | O70: 391 | P70: 282 | Q70: 251 | R70: 199 | S70: 144 | T70: 2382
A71: 2020 | B71: American Leadership Academy, Inc. | C71: 4348 | D71: American Leadership Academy, Gilbert South K-6 | E71: 865358 | F71: * | G71: 52 | H71: 47 | I71: 32 | J71: 37 | K71: 16 | L71: 23 | M71: 18 | N71: * | O71: * | P71: * | Q71: * | R71: * | S71: * | T71: 225
A72: 2020 | B72: American Leadership Academy, Inc. | C72: 4348 | D72: American Leadership Academy, Ironwood K12 | E72: 92885 | F72: * | G72: 105 | H72: 110 | I72: 124 | J72: 117 | K72: 121 | L72: 126 | M72: 152 | N72: 304 | O72: 331 | P72: 308 | Q72: 248 | R72: 197 | S72: 142 | T72: 2385
A73: 2020 | B73: American Leadership Academy, Inc. | C73: 4348 | D73: American Leadership Academy, Mesa K-6 | E73: 91778 | F73: * | G73: 52 | H73: 60 | I73: 58 | J73: 68 | K73: 73 | L73: 60 | M73: 55 | N73: * | O73: * | P73: * | Q73: * | R73: * | S73: * | T73: 426
A74: 2020 | B74: American Leadership Academy, Inc. | C74: 4348 | D74: American Leadership Academy, Queen Creek K-12 | E74: 90769 | F74: * | G74: 89 | H74: 93 | I74: 105 | J74: 141 | K74: 137 | L74: 140 | M74: 171 | N74: 231 | O74: 269 | P74: 265 | Q74: 274 | R74: 253 | S74: 217 | T74: 2385
A75: 2020 | B75: American Leadership Academy, Inc. | C75: 4348 | D75: American Leadership Academy, San Tan Valley K-6 | E75: 91173 | F75: * | G75: 97 | H75: 112 | I75: 111 | J75: 96 | K75: 98 | L75: 107 | M75: 103 | N75: * | O75: * | P75: * | Q75: * | R75: * | S75: * | T75: 724
A76: 2020 | B76: American Virtual Academy | C76: 79461 | D76: Primavera - Online | E76: 81178 | F76: * | G76: * | H76: * | I76: * | J76: * | K76: * | L76: * | M76: 59 | N76: 198 | O76: 307 | P76: 343 | Q76: 761 | R76: 1045 | S76: 2014 | T76: 4727
A77: 2020 | B77: Amphitheater Unified District | C77: 4406 | D77: Amphi Academy Online | E77: 91755 | F77: * | G77: * | H77: * | I77: * | J77: * | K77: * | L77: * | M77: * | N77: * | O77: * | P77: * | Q77: * | R77: 15 | S77: 41 | T77: 72
A78: 2020 | B78: Amphitheater Unified District | C78: 4406 | D78: Amphitheater High School | E78: 6055 | F78: * | G78: * | H78: * | I78: * | J78: * | K78: * | L78: * | M78: * | N78: * | O78: * | P78: 307 | Q78: 337 | R78: 292 | S78: 289 | T78: 1225
A79: 2020 | B79: Amphitheater Unified District | C79: 4406 | D79: Amphitheater Middle School | E79: 5805 | F79: * | G79: * | H79: * | I79: * | J79: * | K79: * | L79: * | M79: 236 | N79: 267 | O79: 259 | P79: * | Q79: * | R79: * | S79: * | T79: 762
A80: 2020 | B80: Amphitheater Unified District | C80: 4406 | D80: Canyon Del Oro High School | E80: 5808 | F80: * | G80: * | H80: * | I80: * | J80: * | K80: * | L80: * | M80: * | N80: * | O80: * | P80: 407 | Q80: 369 | R80: 426 | S80: 374 | T80: 1576
A81: 2020 | B81: Amphitheater Unified District | C81: 4406 | D81: Copper Creek Elementary School | E81: 5802 | F81: 22 | G81: 48 | H81: 60 | I81: 60 | J81: 59 | K81: 60 | L81: 72 | M81: * | N81: * | O81: * | P81: * | Q81: * | R81: * | S81: * | T81: 381
A82: 2020 | B82: Amphitheater Unified District | C82: 4406 | D82: Coronado K-8 School | E82: 5799 | F82: * | G82: 47 | H82: 57 | I82: 55 | J82: 61 | K82: 70 | L82: 67 | M82: 133 | N82: 142 | O82: 152 | P82: * | Q82: * | R82: * | S82: * | T82: 784
A83: 2020 | B83: Amphitheater Unified District | C83: 4406 | D83: E C Nash School | E83: 5796 | F83: * | G83: 49 | H83: 50 | I83: 67 | J83: 67 | K83: 76 | L83: 57 | M83: * | N83: * | O83: * | P83: * | Q83: * | R83: * | S83: * | T83: 366
A84: 2020 | B84: Amphitheater Unified District | C84: 4406 | D84: Frances Owen Holaway Elementary School | E84: 5794 | F84: 30 | G84: 53 | H84: 56 | I84: 58 | J84: 52 | K84: 61 | L84: 64 | M84: * | N84: * | O84: * | P84: * | Q84: * | R84: * | S84: * | T84: 374
A85: 2020 | B85: Amphitheater Unified District | C85: 4406 | D85: Helen Keeling Elementary School | E85: 5795 | F85: * | G85: 57 | H85: 50 | I85: 60 | J85: 53 | K85: 72 | L85: 57 | M85: * | N85: * | O85: * | P85: * | Q85: * | R85: * | S85: * | T85: 349
A86: 2020 | B86: Amphitheater Unified District | C86: 4406 | D86: Ironwood Ridge High School | E86: 79378 | F86: * | G86: * | H86: * | I86: * | J86: * | K86: * | L86: * | M86: * | N86: * | O86: * | P86: 401 | Q86: 476 | R86: 416 | S86: 419 | T86: 1712
A87: 2020 | B87: Amphitheater Unified District | C87: 4406 | D87: L M Prince School | E87: 5797 | F87: * | G87: 81 | H87: 90 | I87: 77 | J87: 88 | K87: 99 | L87: 85 | M87: * | N87: * | O87: * | P87: * | Q87: * | R87: * | S87: * | T87: 523
A88: 2020 | B88: Amphitheater Unified District | C88: 4406 | D88: La Cima Middle School | E88: 5804 | F88: * | G88: * | H88: * | I88: * | J88: * | K88: * | L88: * | M88: 153 | N88: 162 | O88: 149 | P88: * | Q88: * | R88: * | S88: * | T88: 464
A89: 2020 | B89: Amphitheater Unified District | C89: 4406 | D89: Lawrence W Cross Middle School | E89: 5806 | F89: * | G89: * | H89: * | I89: * | J89: * | K89: * | L89: * | M89: 242 | N89: 272 | O89: 278 | P89: * | Q89: * | R89: * | S89: * | T89: 792
A90: 2020 | B90: Amphitheater Unified District | C90: 4406 | D90: Lulu Walker School | E90: 5798 | F90: 33 | G90: 74 | H90: 70 | I90: 64 | J90: 62 | K90: 73 | L90: 79 | M90: * | N90: * | O90: * | P90: * | Q90: * | R90: * | S90: * | T90: 455
A91: 2020 | B91: Amphitheater Unified District | C91: 4406 | D91: Marion Donaldson Elementary School | E91: 5792 | F91: 38 | G91: 50 | H91: 51 | I91: 40 | J91: 37 | K91: 57 | L91: 57 | M91: * | N91: * | O91: * | P91: * | Q91: * | R91: * | S91: * | T91: 330
A92: 2020 | B92: Amphitheater Unified District | C92: 4406 | D92: Mesa Verde Elementary School | E92: 5800 | F92: * | G92: 59 | H92: 68 | I92: 71 | J92: 55 | K92: 62 | L92: 57 | M92: * | N92: * | O92: * | P92: * | Q92: * | R92: * | S92: * | T92: 373
A93: 2020 | B93: Amphitheater Unified District | C93: 4406 | D93: Painted Sky Elementary School | E93: 79282 | F93: 16 | G93: 49 | H93: 74 | I93: 57 | J93: 58 | K93: 73 | L93: 70 | M93: * | N93: * | O93: * | P93: * | Q93: * | R93: * | S93: * | T93: 397
A94: 2020 | B94: Amphitheater Unified District | C94: 4406 | D94: Richard B Wilson Jr School | E94: 5807 | F94: * | G94: 49 | H94: 63 | I94: 65 | J94: 63 | K94: 96 | L94: 81 | M94: 161 | N94: 225 | O94: 210 | P94: * | Q94: * | R94: * | S94: * | T94: 1016
A95: 2020 | B95: Amphitheater Unified District | C95: 4406 | D95: Rillito Center | E95: 5803 | F95: * | G95: * | H95: * | I95: * | J95: * | K95: * | L95: * | M95: * | N95: * | O95: * | P95: * | Q95: * | R95: * | S95: 19 | T95: 83
A96: 2020 | B96: Amphitheater Unified District | C96: 4406 | D96: Rio Vista Elementary School | E96: 5801 | F96: * | G96: 57 | H96: 65 | I96: 41 | J96: 82 | K96: 60 | L96: 92 | M96: * | N96: * | O96: * | P96: * | Q96: * | R96: * | S96: * | T96: 397
A97: 2020 | B97: Amphitheater Unified District | C97: 4406 | D97: The Innovation Academy | E97: 12976 | F97: * | G97: 76 | H97: 81 | I97: 85 | J97: 73 | K97: 72 | L97: 58 | M97: * | N97: * | O97: * | P97: * | Q97: * | R97: * | S97: * | T97: 446
A98: 2020 | B98: Amphitheater Unified District | C98: 4406 | D98: Winifred Harelson Elementary School | E98: 5793 | F98: * | G98: 71 | H98: 66 | I98: 75 | J98: 91 | K98: 90 | L98: 73 | M98: 48 | N98: * | O98: * | P98: * | Q98: * | R98: * | S98: * | T98: 514
A99: 2020 | B99: Antelope Union High School District | C99: 4506 | D99: Antelope Union High School | E99: 6188 | F99: * | G99: * | H99: * | I99: * | J99: * | K99: * | L99: * | M99: * | N99: * | O99: * | P99: 58 | Q99: 45 | R99: 43 | S99: 60 | T99: 206
A100: 2020 | B100: Antelope Union High School District | C100: 4506 | D100: AUHS Online Acadamy | E100: 92739 | F100: * | G100: * | H100: * | I100: * | J100: * | K100: * | L100: * | M100: * | N100: * | O100: * | P100: * | Q100: * | R100: * | S100: * | T100: 4
...

Sheet Sheet10

Sheet All Public Schools
A1: CTDS | B1: NAME | C1: STREETNUMBER | D1: CITY_STATE_ZIP | E1: TELEPHONE | F1: FAX
A2: 138761000 | B2: A CENTER FOR CREATIVE EDUCATION | C2: PO BOX 2678 | D2: COTTONWOOD AZ 86326 2509 | E2: (928) 634-3288 | F2: (928) 634-9781
A3: 108731000 | B3: A CHILD'S VIEW SCHOOL, INC. | C3: 2846 W DREXEL RD STE 100 | D3: TUCSON AZ 85746 3824 | E3: (520) 578-2075 | F3: (520) 578-2076
A4: 108731101 | B4: A CHILD'S VIEW SCHOOL-CLOSED | C4: 2846 W DREXEL RD STE 100 | D4: TUCSON AZ 85746 3824 | E4: (520) 578-2075 | F4: (520) 578-2076
A5: 120201114 | B5: A J MITCHELL ELEMENTARY SCHOOL | C5: 855 N BAUTISTA ST | D5: NOGALES AZ 85621 1843 | E5: (520) 287-0840 | F5: (520) 287-0847
A6: 118720000 | B6: A+ CHARTER SCHOOLS | C6: 41600 W SMITH-ENKE RD | D6: MARICOPA AZ 85138
A7: 118720001 | B7: A+ CHARTER SCHOOLS | C7: 41600 W. SMITH-ENKE RD., BLDG 12 | D7: MARICOPA AZ 85138
A8: 100206038 | B8: A. C. E. | C8: 11279 W GRIER RD | D8: MARANA AZ 85653 9609 | E8: () - | F8: () -
A9: 78707202 | B9: AAEC - PARADISE VALLEY | C9: 3775 E UNION HILLS DR | D9: PHOENIX AZ 85050 3214 | E9: (602) 243-8004 | F9: (602) 243-8001
A10: 78993201 | B10: AAEC - SMCC CAMPUS | C10: 315 E MULBERRY DR | D10: PHOENIX AZ 85012 2307 | E10: () - | F10: () -
A11: 78993201 | B11: AAEC - SMCC CAMPUS | C11: 7050 S 24TH ST BLDG AAEC | D11: PHOENIX AZ 85042 5806 | E11: (602) 243-8004 | F11: (602) 297-8540
A12: 130201016 | B12: ABIA JUDD ELEMENTARY SCHOOL | C12: 1749 N WILLIAMSON VALLEY RD | D12: PRESCOTT AZ 86305 5219 | E12: () - | F12: () -
A13: 78689000 | B13: ABRAHAM LINCOLN PREPARATORY SCHOOL: A CHALLENGE FOUNDATION ACADEMY | C13: PO BOX NO. 5733 | D13: GLENDALE AZ 85312 | E13: () - | F13: () -
A14: 78689101 | B14: ABRAHAM LINCOLN PREPARATORY SCHOOL: A CHALLENGE FOUNDATION ACADEMY | C14: PO BOX 5733 | D14: GLENDALE AZ 85312 5733
A15: 70406167 | B15: ABRAHAM LINCOLN TRADITIONAL SCHOOL | C15: 10444 N 39TH AVE | D15: PHOENIX AZ 85051 1179 | E15: (602) 896-6300 | F15: (602) 896-6320
A16: 70406114 | B16: ACACIA ELEMENTARY SCHOOL | C16: 3021 W EVANS DR | D16: PHOENIX AZ 85053 5748 | E16: (602) 896-5000 | F16: (602) 896-5020
A17: 100220102 | B17: ACACIA ELEMENTARY SCHOOL | C17: 12955 E COLOSSAL CAVE RD | D17: VAIL AZ 85641 9003 | E17: () - | F17: () -
A18: 100220119 | B18: ACACIA ELEMENTARY SCHOOL | C18: 12955 E COLOSSAL CAVE RD | D18: VAIL AZ 85641 9003 | E18: (520) 879-2200 | F18: () -
A19: 108717103 | B19: ACADEMY ADVENTURES MID-TOWN | C19: 1950 E PLACITA SIN NOMBRE | D19: TUCSON AZ 85718 2092 | E19: (520) 407-1200 | F19: (520) 407-1201
A20: 108506101 | B20: ACADEMY ADVENTURES MIDTOWN | C20: 3025 N WINSTEL BLVD | D20: TUCSON AZ 85716 1740 | E20: (520) 465-1415 | F20: (520) 760-3800
A21: 108717101 | B21: ACADEMY ADVENTURES PRIMARY SCHOOL | C21: 3902 N FLOWING WELLS RD | D21: TUCSON AZ 85705 2403 | E21: (520) 407-1200 | F21: (520) 407-1201
A22: 108734001 | B22: ACADEMY DEL SOL | C22: 732 W ROGER RD | D22: TUCSON AZ 85705 2621 | E22: (520) 325-2800 | F22: (520) 325-2812
A23: 108734002 | B23: ACADEMY DEL SOL - HOPE | C23: 7102 W VALLEY CREST PL | D23: TUCSON AZ 85757 8709 | E23: (520) 325-2800 | F23: (520) 325-2811
A24: 108734000 | B24: ACADEMY DEL SOL, INC. | C24: 4525 E BROADWAY BLVD | D24: TUCSON AZ 85711 3509
A25: 108734000 | B25: ACADEMY DEL SOL, INC. | C25: 8379 W AVECENNA ST | D25: TUCSON AZ 85757 6816 | E25: (520) 325-2800 | F25: (520) 325-2812
A26: 88704201 | B26: ACADEMY OF BUILDING INDUSTRIES | C26: 1547 E LIPAN BLVD | D26: FORT MOHAVE AZ 86426 6031 | E26: (928) 788-2601 | F26: () -
A27: 88704000 | B27: ACADEMY OF BUILDING INDUSTRIES, INC. | C27: 1547 E LIPAN BLVD | D27: FORT MOHAVE AZ 86426 6031 | E27: (928) 788-2601 | F27: (928) 788-2610
A28: 78604101 | B28: ACADEMY OF EXCELLENCE | C28: 425 N 36TH ST | D28: PHOENIX AZ 85008 6303
A29: 78604101 | B29: ACADEMY OF EXCELLENCE | C29: 425 N 36TH ST | D29: PHOENIX AZ 85008 6303 | E29: (602) 389-4271 | F29: (602) 389-4278
A30: 78604004 | B30: ACADEMY OF EXCELLENCE - CENTRAL ARIZONA-CLOSED | C30: 1530 S ARIZONA BLVD | D30: COOLIDGE AZ 85128 5905 | E30: (520) 723-4773 | F30: () -
A31: 78604000 | B31: ACADEMY OF EXCELLENCE, INC. | C31: 425 N 36TH ST | D31: PHOENIX AZ 85008 6303 | E31: (602) 389-4271 | F31: (602) 389-4278
A32: 108713101 | B32: ACADEMY OF MATH AND SCIENCE | C32: 1557 W PRINCE RD | D32: TUCSON AZ 85705 3023 | E32: () - | F32: () -
A33: 78242005 | B33: ACADEMY OF MATH AND SCIENCE AVONDALE | C33: 3448 N 1ST AVE | D33: TUCSON AZ 85719 1842
A34: 78270001 | B34: ACADEMY OF MATH AND SCIENCE CAMELBACK | C34: 6633 W CAMELBACK RD | D34: PHOENIX AZ 85033 1614 | E34: (623) 295-9069 | F34: (623) 594-8078
A35: 78242002 | B35: ACADEMY OF MATH AND SCIENCE DESERT SKY | C35: 3448 N 1ST AVE | D35: TUCSON AZ 85719 1842 | E35: (520) 887-5392 | F35: (520) 888-1732
A36: 78242004 | B36: ACADEMY OF MATH AND SCIENCE GLENDALE | C36: 3448 N 1ST AVE | D36: TUCSON AZ 85719 1842
A37: 78242003 | B37: ACADEMY OF MATH AND SCIENCE PEORIA ADVANCED | C37: 3448 N 1ST AVE | D37: TUCSON AZ 85719 1842
A38: 78242006 | B38: ACADEMY OF MATH AND SCIENCE SOUTH MOUNTAIN | C38: 3448 N 1ST AVE | D38: TUCSON AZ 85719 1842
A39: 78242001 | B39: ACADEMY OF MATHEMATICS AND SCIENCE SOUTH | C39: 1557 W PRINCE RD | D39: TUCSON AZ 85705 3023 | E39: () - | F39: () -
A40: 78242000 | B40: ACADEMY OF MATHEMATICS AND SCIENCE SOUTH, INC. | C40: 1557 W PRINCE RD | D40: TUCSON AZ 85705 3023 | E40: (520) 293-2676 | F40: (520) 888-1732
A41: 78270000 | B41: ACADEMY OF MATHEMATICS AND SCIENCE, INC. | C41: 3448 N 1ST AVE | D41: TUCSON AZ 85719 1842 | E41: (520) 887-5392 | F41: (520) 888-1732
A42: 108713000 | B42: ACADEMY OF MATHEMATICS AND SCIENCE, INC. | C42: 1557 W PRINCE RD | D42: TUCSON AZ 85705 3023 | E42: (520) 293-2676 | F42: (520) 888-1732
A43: 108665102 | B43: ACADEMY OF TUCSON ELEMENTARY SCHOOL | C43: 9209 E WRIGHTSTOWN RD | D43: TUCSON AZ 85715 5514 | E43: (520) 886-6076 | F43: (520) 886-6575
A44: 108665201 | B44: ACADEMY OF TUCSON HIGH SCHOOL | C44: 10720 E 22ND ST | D44: TUCSON AZ 85748 7029 | E44: (520) 733-0096 | F44: (520) 733-0097
A45: 108665101 | B45: ACADEMY OF TUCSON MIDDLE SCHOOL | C45: 7310 E 22ND ST | D45: TUCSON AZ 85710 6427
A46: 108665101 | B46: ACADEMY OF TUCSON MIDDLE SCHOOL | C46: 7310 E 22ND ST | D46: TUCSON AZ 85710 6427 | E46: (520) 749-1413 | F46: (520) 749-2824
A47: 108665000 | B47: ACADEMY OF TUCSON, INC. | C47: 10720 E 22ND ST | D47: TUCSON AZ 85748 7029 | E47: (520) 733-0096 | F47: (520) 733-0097
A48: 78794201 | B48: ACADEMY WITH COMMUNITY PARTNERS | C48: 433 N HALL | D48: MESA AZ 85203 7407 | E48: () - | F48: () -
A49: 78794000 | B49: ACADEMY WITH COMMUNITY PARTNERS INC | C49: 433 N HALL | D49: MESA AZ 85203 7407 | E49: (480) 833-0068 | F49: (480) 833-8966
A50: 108767000 | B50: ACCELERATED ELEMENTARY AND SECONDARY SCHOOLS | C50: 5245 N CAMINO DE OESTE | D50: TUCSON AZ 85745 8925 | E50: (520) 743-2256 | F50: (520) 743-2417
A51: 78979201 | B51: ACCELERATED LEARNING CENTER | C51: 4105 E SHEA BLVD | D51: PHOENIX AZ 85028 3525 | E51: (602) 485-0309 | F51: (602) 485-9356
A52: 78979000 | B52: ACCELERATED LEARNING CENTER, INC. | C52: 4105 E SHEA BLVD | D52: PHOENIX AZ 85028 3525 | E52: (602) 485-0309 | F52: (602) 485-9356
A53: 138763101 | B53: ACCELERATED LEARNING CHARTER SCHOOL | C53: 320 S MAIN ST | D53: COTTONWOOD AZ 86326 3905 | E53: () - | F53: () -
A54: 138763000 | B54: ACCELERATED LEARNING CHARTER SCHOOL, INC. | C54: 320 S MAIN ST | D54: COTTONWOOD AZ 86326 3905 | E54: (928) 634-0650 | F54: (928) 634-0672
A55: 108767001 | B55: ACCELERATED LEARNING LABORATORY | C55: 5245 N CAMINO DE OESTE | D55: TUCSON AZ 85745 8925 | E55: (520) 743-2256 | F55: (520) 743-2417
A56: 78701101 | B56: ACCLAIM ACADEMY | C56: 7624 W INDIAN SCHOOL RD | D56: PHOENIX AZ 85033 3009 | E56: (623) 691-0919 | F56: (623) 691-6091
A57: 78701000 | B57: ACCLAIM CHARTER SCHOOL | C57: 7624 W INDIAN SCHOOL RD | D57: PHOENIX AZ 85033 3009 | E57: (623) 691-0919 | F57: (623) 691-6091
... A76: 78793000 | B76: AIBT NON-PROFIT CHARTER HIGH SCHOOL - PHOENIX | C76: 6049 N 43RD AVE STE 200 | D76: PHOENIX AZ 85019 1641 | E76: (602) 973-6018 | F76: (602) 589-1349
A77: 78793000 | B77: AIBT NON-PROFIT CHARTER HIGH SCHOOL - PHOENIX | C77: 6049 N. 43RD AVE | D77: PHOENIX AZ 85019
A78: 78793000 | B78: AIBT NON-PROFIT CHARTER HIGH SCHOOL - PHOENIX | C78: 6201 N 35TH AVE STE B4 | D78: PHOENIX AZ 85017 1413
A79: 78286000 | B79: AIBT NON-PROFIT CHARTER HIGH SCHOOL, INC. | C79: 6049 N 43RD AVE STE 200 | D79: PHOENIX AZ 85019 1641 | E79: (602) 589-1322 | F79: (602) 589-1349
A80: 78572001 | B80: AIM HIGH INSTITUTE-CLOSED | C80: 430 W WARNER RD STE 103 | D80: TEMPE AZ 85284 2967 | E80: (480) 559-9224 | F80: (208) 445-4555
A81: 78275001 | B81: AIM HIGHER COLLEGE PREP ACADEMY | C81: 4848 S CENTRAL AVE | D81: PHOENIX AZ 85040 2152 | E81: (602) 243-7788 | F81: (602) 243-7799
A82: 78970000 | B82: AIR ACADEMY CHARTER HIGH SCHOOL DBA THOMAS JEFFERSON HIGH SCHOOL | C82: 5625 S 51ST AVE | D82: LAVEEN AZ 85339 6300 | E82: (602) 285-3003 | F82: (602) 285-5560
A83: 70269157 | B83: AIRE LIBRE ELEMENTARY SCHOOL | C83: 16428 N 21ST ST | D83: PHOENIX AZ 85022 2904 | E83: (602) 449-5400 | F83: () -
A84: 100215001 | B84: AJO ELEMENTARY SCHOOL | C84: 111 N WELL RD | D84: AJO AZ 85321 1840
A85: 100215002 | B85: AJO HIGH SCHOOL | C85: 111 N WELL RD | D85: AJO AZ 85321 1840
A86: 100215000 | B86: AJO UNIFIED DISTRICT | C86: 111 N WELL RD | D86: AJO AZ 85321 1840 | E86: (520) 387-5618 | F86: (520) 387-6545
A87: 118705000 | B87: AKIMEL O OTHAM PEE POSH CHARTER SCHOOL, INC. | C87: 3652 E BLACKWATER SCHOOL RD | D87: COOLIDGE AZ 85128 6609 | E87: (520) 215-5859 | F87: (520) 215-5862
A88: 118706001 | B88: AKIMEL O'OTHAM PEE POSH (3-5) | C88: 3652 E BLACKWATER SCHOOL RD | D88: COOLIDGE AZ 85128 6609 | E88: (520) 215-5859 | F88: () -
A89: 118705001 | B89: AKIMEL O'OTHAM PEE POSH (K-2) | C89: 3652 E BLACKWATER SCHOOL RD | D89: COOLIDGE AZ 85128 6609 | E89: () - | F89: () -
A90: 118706000 | B90: AKIMEL O'OTHAM PEE POSH CHARTER SCHOOL, INC. | C90: 3652 E BLACKWATER SCHOOL RD | D90: COOLIDGE AZ 85128 6609 | E90: (520) 215-5859 | F90: (520) 215-5862
A91: 78725005 | B91: ALA QC ELEM | C91: 19843 E CHANDLER HEIGHTS RD | D91: QUEEN CREEK AZ 85142 9333 | E91: (480) 420-2150 | F91: (480) 987-4527
A92: 90220204 | B92: ALCHESAY HIGH SCHOOL | C92: PO BOX 190 | D92: WHITERIVER AZ 85941 0190 | E92: () - | F92: () -
A93: 78690000 | B93: ALEXANDER HAMILTON COMMUNITY SCHOOL: A CHALLENGE FOUNDATION ACADEMY | C93: PO BOX 6203 | D93: GLENDALE AZ 85312 6203 | E93: () - | F93: () -
A94: 78690101 | B94: ALEXANDER HAMILTON COMMUNITY SCHOOL: A CHALLENGE FOUNDATION ACADEMY | C94: PO BOX 6203 | D94: GLENDALE AZ 85312 6203 | E94: () - | F94: () -
A95: 70421104 | B95: ALFRED F GARCIA SCHOOL | C95: 1441 S 27TH AVE | D95: PHOENIX AZ 85009 6451 | E95: () - | F95: () -
A96: 78554001 | B96: ALHAMBRA COLLEGE PREPARATORY HIGH SCHOOL-CLOSED | C96: 3802 W MARYLAND AVE | D96: PHOENIX AZ 85019 1541 | E96: (602) 246-0578 | F96: (602) 246-0725
A97: 78554000 | B97: ALHAMBRA EDUCATION PARTNERSHIPS, INC. | C97: 4501 N 39TH AVE | D97: PHOENIX AZ 85019 3133
A98: 78554000 | B98: ALHAMBRA EDUCATION PARTNERSHIPS, INC. | C98: 4510 N 37TH AVE | D98: PHOENIX AZ 85019 3206 | E98: (602) 336-2921 | F98: (602) 336-2266
A99: 70468000 | B99: ALHAMBRA ELEMENTARY DISTRICT | C99: 4510 N 37TH AVE | D99: PHOENIX AZ 85019 3206 | E99: (602) 336-2920 | F99: (602) 336-2270
A100: 70510210 | B100: ALHAMBRA HIGH SCHOOL | C100: 3839 W CAMELBACK RD | D100: PHOENIX AZ 85019 2512 | E100: (602) 764-6022 | F100: (602) 271-3497
A101: 70468119 | B101: ALHAMBRA PRESCHOOL ACADEMY | C101: 4730 W CAMPBELL AVE | D101: PHOENIX AZ 85031 1404
A102: 70468101 | B102: ALHAMBRA TRADITIONAL SCHOOL | C102: 5725 N 27TH AVE | D102: PHOENIX AZ 85017 2657 | E102: (602) 484-8816 | F102: (602) 484-8952
A103: 140401101 | B103: ALICE BYRNE ELEMENTARY SCHOOL | C103: 811 W 16TH ST | D103: YUMA AZ 85364 4546 | E103: (928) 782-9585 | F103: (928) 782-1942
A104: 100201555 | B104: ALICE VAIL MIDDLE SCHOOL | C104: 5350 E 16TH ST | D104: TUCSON AZ 85711 4404 | E104: (520) 584-5400 | F104: (520) 584-5401
A105: 78967000 | B105: ALL ABOARD CHARTER SCHOOL | C105: 5827 N 35TH AVE | D105: PHOENIX AZ 85017 1915 | E105: (602) 433-0500 | F105: (602) 973-8208
A106: 78967101 | B106: ALL ABOARD CHARTER SCHOOL | C106: 5827 N 35TH AVE | D106: PHOENIX AZ 85017 1915 | E106: () - | F106: () -
A107: 78724000 | B107: ALLEN-COCHRAN ENTERPRISES, INC. | C107: 1691 W GRAND CANYON DR | D107: CHANDLER AZ 85248 4818 | E107: (480) 632-1940 | F107: (480) 831-3036
A108: 108716000 | B108: ALLSPORT ACADEMY | C108: 6211 E SPEEDWAY BLVD | D108: TUCSON AZ 85712 5128 | E108: (520) 731-2150 | F108: (520) 731-2160
A109: 108716001 | B109: ALLSPORT ACADEMY-CLOSED | C109: 6211 E SPEEDWAY BLVD | D109: TUCSON AZ 85712 5128 | E109: (520) 731-2150 | F109: (520) 731-2160
A110: 70204102 | B110: ALMA ELEMENTARY SCHOOL | C110: 1313 W MEDINA | D110: MESA AZ 85202 | E110: () - | F110: () -
A111: 10307000 | B111: ALPINE ELEMENTARY DISTRICT | C111: PO BOX 170 | D111: ALPINE AZ 85920 0170 | E111: (928) 339-4570 | F111: (928) 339-1806
A112: 10307101 | B112: ALPINE ELEMENTARY SCHOOL | C112: PO BOX 170 | D112: ALPINE AZ 85920 0170 | E112: () - | F112: () -
A113: 70405103 | B113: ALTA E BUTLER SCHOOL | C113: 3348 W MCDOWELL RD | D113: PHOENIX AZ 85009 2416 | E113: (602) 442-6700 | F113: (602) 455-6830
... A118: 100351103 | B118: ALTAR VALLEY MIDDLE SCHOOL | C118: HC 3 BOX 130 | D118: TUCSON AZ 85736 | E118: () - | F118: () -
A119: 108660201 | B119: ALTERNATIVE COMPUTERIZED EDUCATION (ACE) CHARTER HIGH SCHOOL | C119: 1929 N STONE AVE | D119: TUCSON AZ 85705 5642
A120: 108660201 | B120: ALTERNATIVE COMPUTERIZED EDUCATION (ACE) CHARTER HIGH SCHOOL | C120: 1929 N STONE AVE | D120: TUCSON AZ 85705 5642 | E120: (520) 628-8316 | F120: (520) 628-2820
A121: 100240205 | B121: ALTERNATIVE HIGH SCHOOL (INDIAN OASIS HIGH SCHOOL) | C121: PO BOX 248 | D121: SELLS AZ 85634 0248 | E121: (520) 383-6746 | F121: (520) 383-5441
A122: 100240105 | B122: ALTERNATIVE MIDDLE SCHOOL (INDIAN OASIS MIDDLE SCHOOL) | C122: PO BOX 248 | D122: SELLS AZ 85634 0248 | E122: (520) 383-6746 | F122: (520) 383-5441
...

Sheet Title 1 Schools
A1: County | B1: School Number | C1: District Name | D1: School Name
A2: Apache | B2: 10224145 | C2: Chinle Unified District | D2: Chinle Junior High School
A3: Apache | B3: 10224150 | C3: Chinle Unified District | D3: Chinle Elementary School
A4: Apache | B4: 10224155 | C4: Chinle Unified District | D4: Canyon De Chelly Elementary School
A5: Apache | B5: 10224160 | C5: Chinle Unified District | D5: Many Farms Elementary School
A6: Apache | B6: 10224165 | C6: Chinle Unified District | D6: Tsaile Elementary School
A7: Apache | B7: 10224170 | C7: Chinle Unified District | D7: Mesa View Elementary
A8: Apache | B8: 10224240 | C8: Chinle Unified District | D8: Chinle High School
A9: Apache | B9: 10306101 | C9: Concho Elementary District | D9: Concho Elementary School
A10: Apache | B10: 10220101 | C10: Ganado Unified School District | D10: Ganado Elementary School
A11: Apache | B11: 10220102 | C11: Ganado Unified School District | D11: Ganado Intermediate School
A12: Apache | B12: 10220103 | C12: Ganado Unified School District | D12: Ganado Middle School
A13: Apache | B13: 10220204 | C13: Ganado Unified School District | D13: Ganado High School
... A1321: Yuma | B1321: 140570207 | C1321: Yuma Union High School District | D1321: Gila Ridge High School

Sheet Combined Data
A1: LEA Name | B1: LEA Entity ID | C1: School Name | D1: School Entity ID | E1: Enrollment | F1: Title 1 | G1: F/R Lunch | H1: Eligible for ESA
A2: Maricopa County Head Start | B2: 7432 | C2: 1ST ACADEMY PRESCHOOL & CHILDCARE | D2: 1000053
A3: Nogales Unified District | B3: 4457 | C3: A J Mitchell Elementary School | D3: 5958
A4: Marana Unified District | B4: 4404 | C4: A. C. E. | D4: 5768
A5: Arizona Agribusiness & Equine Center, Inc. | B5: 4331 | C5: AAEC - Paradise Valley | D5: 6344
A6: Arizona Agribusiness & Equine Center, Inc. | B6: 85816 | C6: AAEC - SMCC Campus | D6: 5503
A7: Prescott Unified District | B7: 4466 | C7: Abia Judd Elementary School | D7: 8132
A8: Washington Elementary School District | B8: 4260 | C8: Abraham Lincoln Traditional School | D8: 5274
A9: Vail Unified District | B9: 4413 | C9: Acacia Elementary School | D9: 91168
A10: Washington Elementary School District | B10: 4260 | C10: Acacia Elementary School | D10: 5244
A11: Ed Ahead | B11: 90506 | C11: Academy Adventures Midtown | D11: 90507
A12: Academy Del Sol, Inc. | B12: 90199 | C12: Academy Del Sol | D12: 90200
A13: Academy Del Sol, Inc. | B13: 90199 | C13: Academy Del Sol - Hope | D13: 90770
... A85: Amphitheater Unified District | B85: 4406 | C85: Amphitheater Middle School | D85: 5805
A86: Scottsdale Unified District | B86: 4240 | C86: Anasazi Elementary | D86: 6009 | E86: =VLOOKUP(D86,Enrollment!E:T,16,FALSE) -> 391 | F86: No | G86: =VLOOKUP(D86,'F&R Lunch'!E:I,5,FALSE) -> 0.13 | H86: =IF(F86="Yes",E86,G86*E86) -> 50.83
A87: Vail Unified District | B87: 4413 | C87: Andrada Polytechnic High School | D87: 91292
A88: Tucson Unified District | B88: 4403 | C88: Anna Henry Elementary School | D88: 5685
A89: Tucson Unified District | B89: 4403 | C89: Anna Lawrence Intermediate School | D89: 5694
A90: Chandler Unified District #80 | B90: 4242 | C90: Anna Marie Jacobson Elementary School | D90: 5117
A91: Tucson Unified District | B91: 4403 | C91: Annie Kellond Elementary School | D91: 5693
A92: Antelope Union High School District | B92: 4506 | C92: Antelope Union High School | D92: 6188
A93: Florence Unified School District | B93: 4437 | C93: Anthem Elementary School | D93: 88400
A94: Deer Valley Unified District | B94: 4246 | C94: Anthem School | D94: 78922
A95: Sahuarita Unified District | B95: 4411 | C95: Anza Trail | D95: 88387
A96: Apache Elementary District | B96: 4178 | C96: Apache Elementary School | D96: 4786
A97: Peoria Unified School District | B97: 4237 | C97: Apache Elementary School | D97: 5006
A98: Apache Junction Unified District | B98: 4443 | C98: Apache Junction High School | D98: 5925
... A101: Sunnyside Unified District | B101: 4407 | C101: Apollo Middle School | D101: 5809
A102: Scottsdale Unified District | B102: 4240 | C102: Arcadia High School | D102: 5066 | E102: =VLOOKUP(D102,Enrollment!E:T,16,FALSE) -> 1823 | F102: No | G102: =VLOOKUP(D102,'F&R Lunch'!E:I,5,FALSE) -> 0.28 | H102: =IF(F102="Yes",E102,G102*E102) -> 510.44
A103: ARCHES Academy | B103: 92980 | C103: ARCHES Academy | D103: 1000276
A104: Arizona Agribusiness & Equine Center, Inc. | B104: 90779 | C104: Arizona Agribusiness & Equine Center - Estrella | D104: 90780
A105: Arizona Agribusiness & Equine Center INC. | B105: 134379 | C105: Arizona Agribusiness & Equine Center, Inc. - Mesa | D105: 156568
A106: Arizona Agribusiness & Equine Center, Inc. | B106: 91131 | C106: Arizona Agribusiness & Equine Center, Inc. - Prescott Valley | D106: 91132
A107: Arizona Agribusiness & Equine Center, Inc. | B107: 87403 | C107: Arizona Agribusiness & Equine Center, Inc. - Red Mountain | D107: 87404
A108: Arizona Autism Charter Schools, Inc. | B108: 91958 | C108: Arizona Autism Charter School | D108: 92598
A109: Arizona Autism Charter Schools, Inc. | B109: 91958 | C109: Arizona Autism Charter School, Upper School Campus | D109: 92984
A110: Success School | B110: 79453 | C110: Arizona Charter Academy | D110: 79454
A111: Toltec School District | B111: 4450 | C111: Arizona City Elementary School | D111: 92244
A112: Collaborative Pathways, Inc. | B112: 91773 | C112: Arizona College Prep Academy | D112: 10733
A113: Chandler Unified District #80 | B113: 4242 | C113: Arizona College Prep Erie Campus | D113: 89591
A114: Chandler Unified District #80 | B114: 4242 | C114: Arizona College Prep Oakland Campus | D114: 90302
... A392: Washington Elementary School District | B392: 4260 | C392: Chaparral Elementary School | D392: 5248
A393: Scottsdale Unified District | B393: 4240 | C393: Chaparral High School | D393: 5069 | E393: =VLOOKUP(D393,Enrollment!E:T,16,FALSE) -> 2292 | F393: No | G393: =VLOOKUP(D393,'F&R Lunch'!E:I,5,FALSE) -> 0.04 | H393: =IF(F393="Yes",E393,G393*E393) -> 91.68
A394: Flagstaff Unified District | B394: 4192 | C394: Charles W Sechrist Elementary School | D394: 4811
A395: Cartwright Elementary District | B395: 4282 | C395: Charles W. Harris School | D395: 5405
A396: Chandler Unified District #80 | B396: 4242 | C396: Charlotte Patterson Elementary | D396: 89926
A397: Laveen Elementary District | B397: 4276 | C397: Cheatham Elementary School | D397: 84305
A398: Scottsdale Unified District | B398: 4240 | C398: Cherokee Elementary School | D398: 5054 | E398: =VLOOKUP(D398,Enrollment!E:T,16,FALSE) -> 695 | F398: No | G398: =VLOOKUP(D398,'F&R Lunch'!E:I,5,FALSE) -> 0.07 | H398: =IF(F398="Yes",E398,G398*E398) -> 48.65
A399: Peoria Unified School District | B399: 4237 | C399: Cheyenne Elementary School | D399: 5012
A400: Scottsdale Unified District | B400: 4240 | C400: Cheyenne Traditional School | D400: 5059 | E400: =VLOOKUP(D400,Enrollment!E:T,16,FALSE) -> 909 | F400: No | G400: =VLOOKUP(D400,'F&R Lunch'!E:I,5,FALSE) -> 0.04 | H400: =IF(F400="Yes",E400,G400*E400) -> 36.36
A401: Edkey, Inc. - Sequoia Ranch School | B401: 81052 | C401: Children First Leadership Academy | D401: 89920
A402: Griffin Foundation, Inc. The | B402: 79500 | C402: Children Reaching for the Sky Preparatory | D402: 79512
A403: Chinle Unified District | B403: 4158 | C403: Chinle Elementary School | D403: 4732
A404: Chinle Unified District | B404: 4158 | C404: Chinle High School | D404: 4737
A405: Chinle Unified District | B405: 4158 | C405: Chinle Junior High School | D405: 4731
A406: Chino Valley Unified District | B406: 4474 | C406: Chino Valley High School | D406: 6110
A407: Casa Grande Elementary District | B407: 4446 | C407: Cholla Elementary School | D407: 5935
A408: Tucson Unified District | B408: 4403 | C408: Cholla High School | D408: 5757
A409: Washington Elementary School District | B409: 4260 | C409: Cholla Middle School | D409: 5249
A410: Chrysalis Academy | B410: 81205 | C410: Chrysalis Academy | D410: 81206
A411: Yuma Union High School District | B411: 4507 | C411: Cibola High School | D411: 6191
A412: Vail Unified District | B412: 4413 | C412: Cienega High School | D412: 79721
... A426: Cochise Elementary District | B426: 4177 | C426: Cochise Elementary School | D426: 4785
A427: Scottsdale Unified District | B427: 4240 | C427: Cochise Elementary School | D427: 5043 | E427: =VLOOKUP(D427,Enrollment!E:T,16,FALSE) -> 626 | F427: No | G427: =VLOOKUP(D427,'F&R Lunch'!E:I,5,FALSE) -> 0.06 | H427: =IF(F427="Yes",E427,G427*E427) -> 37.56
A428: Flagstaff Unified District | B428: 4192 | C428: Coconino High School | D428: 4820
A429: Scottsdale Unified District | B429: 4240 | C429: Cocopah Middle School | D429: 5065 | E429: =VLOOKUP(D429,Enrollment!E:T,16,FALSE) -> 903 | F429: No | G429: =VLOOKUP(D429,'F&R Lunch'!E:I,5,FALSE) -> 0.08 | H429: =IF(F429="Yes",E429,G429*E429) -> 72.24
A430: Northern AZ Council Of Gov Headstart | B430: 6719 | C430: COGDILL HEAD START | D430: 6723
A431: Kaizen Education Foundation dba Colegio Petite Phoenix | B431: 92989 | C431: Colegio Petite Arizona | D431: 766437
A432: Littleton Elementary District | B432: 4278 | C432: Collier Elementary School | D432: 79618
A433: Tucson Unified District | B433: 4403 | C433: Collier Elementary School | D433: 5668
A434: Fort Huachuca Accommodation District | B434: 4167 | C434: Colonel Johnston Elementary School | D434: 4747
A435: Fort Huachuca Accommodation District | B435: 4167 | C435: Colonel Smith Middle School | D435: 4748
A436: J O Combs Unified School District | B436: 4445 | C436: Combs High School | D436: 89859
A437: J O Combs Unified School District | B437: 4445 | C437: Combs Traditional Academy | D437: 90807
A438: Tempe Union High School District | B438: 4287 | C438: Compadre High School | D438: 5450
A439: Compass High School, Inc. | B439: 79467 | C439: Compass High School | D439: 79468
A440: Concho Elementary District | B440: 4160 | C440: Concho Elementary School | D440: 4742
A441: Concordia Charter School, Inc. | B441: 89556 | C441: Concordia Charter School | D441: 89557
... A458: Vail Unified District | B458: 4413 | C458: Copper Ridge Elementary | D458: 93000
A459: Scottsdale Unified District | B459: 4240 | C459: Copper Ridge School | D459: 79639 | E459: =VLOOKUP(D459,Enrollment!E:T,16,FALSE) -> 656 | F459: No | G459: =VLOOKUP(D459,'F&R Lunch'!E:I,5,FALSE) -> 0.05 | H459: =IF(F459="Yes",E459,G459*E459) -> 32.8
A460: Globe Unified District | B460: 4208 | C460: Copper Rim Elementary School | D460: 4854
A461: Avondale Elementary District | B461: 4272 | C461: Copper Trails | D461: 90028
A462: Sahuarita Unified District | B462: 4411 | C462: Copper View Elementary School | D462: 91338
A463: Peoria Unified School District | B463: 4237 | C463: Copperwood School | D463: 4997
A464: Alhambra Elementary District | B464: 4280 | C464: Cordova Elementary School | D464: 5386
A465: Cornerstone Charter School,Inc | B465: 79077 | C465: Cornerstone Charter School | D465: 79099
A466: Tempe Union High School District | B466: 4287 | C466: Corona Del Sol High School | D466: 5447
A467: Vail Unified District | B467: 4413 | C467: Corona Foothills Middle School | D467: 87470
A468: Higley Unified School District | B468: 4248 | C468: Coronado Elementary School | D468: 79227
A469: Palominas Elementary District | B469: 4180 | C469: Coronado Elementary School | D469: 4789
A470: St Johns Unified District | B470: 4153 | C470: Coronado Elementary School | D470: 4517
A471: Scottsdale Unified District | B471: 4240 | C471: Coronado High School | D471: 5067 | E471: =VLOOKUP(D471,Enrollment!E:T,16,FALSE) -> 859 | F471: Yes | G471: =VLOOKUP(D471,'F&R Lunch'!E:I,5,FALSE) -> 0.63 | H471: =IF(F471="Yes",E471,G471*E471) -> 859
A472: Amphitheater Unified District | B472: 4406 | C472: Coronado K-8 School | D472: 5799
A473: Litchfield Elementary District | B473: 4281 | C473: Corte Sierra Elementary School | D473: 80054
A474: Glendale Union High School District | B474: 4285 | C474: Cortez High School | D474: 5429
A475: Higley Unified School District | B475: 4248 | C475: Cortina Elementary | D475: 88422
A476: Peoria Unified School District | B476: 4237 | C476: Cotton Boll School | D476: 4999
A477: Cottonwood-Oak Creek Elementary District | B477: 4487 | C477: Cottonwood Community School | D477: 1000158
A478: Cottonwood-Oak Creek Elementary District | B478: 4487 | C478: Cottonwood Education Services | D478: 6123
A479: Colorado City Unified District | B479: 4370 | C479: Cottonwood Elementary | D479: 92635
...

Sheet Findings
A2: Students Eligible for ESAs | C2: =SUM('Combined Data'!H86:H2239) -> 7284.71
B4: Participation Rate | C4: SUSD Students Utilizing ESAs | D4: Monetary Loss | E4: Cumulative
A5: FY22 Participation | B5: 0.01 | C5: =C2*B5 -> 72.8471 | D5: =C5*5500 -> 400659.05 | E5: =D5 -> 400659.05
A6: FY23 Participation | B6: 0.015 | C6: =($C$2-C5)*B6 -> 108.17794 | D6: =C6*5500 -> 594978.69 | E6: =E5+D6 -> 995637.74
A7: FY24 Participation | B7: 0.02 | C7: =($C$2-C6)*B7 -> 143.53064 | D7: =C7*5500 -> 789418.53 | E7: =E6+D7 -> 1785056.3
A8: FY25 Participation | B8: 0.026 | C8: =($C$2-C7)*B8 -> 185.67066 | D8: =C8*5500 -> 1021188.6 | E8: =E7+D8 -> 2806244.9
A10: Full participation | B10: 0.026 | C10: =C2*B10 -> 189.40246 | D10: =C10*5500 -> 1041713.5
